 Dungeon Crawl Stone Soup version 0.23.1 (webtiles) character file.

Game seed: 2269128850120996090

712 Kniotic the Martial Artist (level 7, -4/52 HPs)
             Began as a Demonspawn Monk on Mar 3, 2019.
             Slain by a hell rat (14 damage)
             ... on level 5 of the Dungeon.
             The game lasted 00:05:35 (5562 turns).

Kniotic the Martial Artist (Demonspawn Monk)        Turns: 5562, Time: 00:05:36

Health: -4/52      AC:  9    Str: 11    XL:     7   Next: 41%
Magic:  7/7        EV: 12    Int: 12    God:
Gold:   283        SH:  0    Dex: 17    Spells: 6/6 levels left

rFire    + . .     SeeInvis .     - Unarmed
rCold    . . .     Gourm    .   (no shield)
rNeg     . . .     Faith    .   a - +0 robe
rPois    .         Spirit   .   e - +1 hat
rElec    .         Reflect  .   n - +0 cloak
rCorr    .         Harm     .   (no gloves)
MR       .....                  (no boots)
Stlth    ++........             (no amulet)
HPRegen  0.17/turn              l - +3 ring of protection
MPRegen  0.10/turn              (no ring)

@: very slightly contaminated, hasted, drained, invisible, very quick
A: antennae 1, yellow scales 1, fire resistance 1
a: no special abilities


You were on level 5 of the Dungeon.
You were not hungry.

You visited 1 branch of the dungeon, and saw 6 of its levels.

You collected 283 gold pieces.

Inventory:

Hand Weapons
 s - a +0 blowgun
Missiles
 k - 32 poisoned needles
Armour
 a - a +0 robe (worn)
 e - a +1 hat (worn)
 n - a +0 cloak (worn)
Jewellery
 l - a +3 ring of protection (left hand)
Scrolls
 h - 4 scrolls of identify {unknown}
 i - a scroll of random uselessness {unknown}
 j - 2 scrolls of teleportation {unknown}
 o - 2 scrolls of enchant weapon {unknown}
 p - a scroll of amnesia {unknown}
 q - a scroll of enchant armour {unknown}
 t - 2 scrolls of immolation {unknown}
Potions
 c - a potion of magic {unknown}
 d - a potion of invisibility
 g - 2 potions of haste
 m - a potion of heal wounds {unknown}
 r - a potion of curing {unknown}
 u - a potion of might {unknown}
 v - a potion of mutation {unknown}
 w - a potion of agility {unknown}
Comestibles
 b - 11 rations
 f - 2 chunks of flesh


   Skills:
 - Level 3.0(2.1) Fighting
 - Level 2.6(1.8) Dodging
 - Level 1.7(0.9) Stealth
 + Level 8.0(7.1) Unarmed Combat


You had 6 spell levels left.
You didn't know any spells.
Your spell library was empty.

Dungeon Overview and Level Annotations

Branches:
Dungeon (6/15)
 Temple: D:4-7

Altars:
Gozag
Hepliaklqana
Kikubaaqudgha
Makhleb
Nemelex Xobeh
Qazlal
Wu Jian
Yredelemnul

Annotations:
D:4 2 transporters


Innate Abilities, Weirdness & Mutations

You have a pair of small antennae on your head.
You are partially covered in yellow scales. (AC +2)
Your flesh is heat resistant. (rF+)


Message History

You hit the hell rat but do no damage.
The hell rat is severely wounded.
You hit the hell rat.
You punch the hell rat, but do no damage.
The hell rat is almost dead.
The hell rat barely misses you.
You hit the hell rat.
The hell rat is almost dead.
The hell rat bites you but does no damage.
You hit the hell rat but do no damage.
The hell rat is almost dead.
You hit the hell rat.
You kill the hell rat!
Your base Unarmed Combat skill increases to level 8!
You hit the hell rat.
The hell rat is moderately wounded.
You hit the hell rat but do no damage.
The hell rat is moderately wounded.
The hell rat bites you!
You die...

##### ##.#.#
#.#.## ##.##@##
##.####r# #.#
##.### #r###.#
#.##[. ##.##.#
##÷#...###r##.#
#.##...r#.r##.#
##.#..rr#.†##.#
#.##{#r{#.r##.#
#.# #.r#r##.#


You could see 2 hell rats, a river rat and a rat.

Vanquished Creatures
  2 ogres
  A bullfrog (D:6)
  A scorpion (D:4)
  A hound (D:4)
  An orc priest (D:3)
  3 worker ants
  A hell rat (D:5)
  A hound zombie (D:5)
  4 gnolls
  10 adders
  A howler monkey skeleton (D:4)
  2 river rats (D:5)
  2 adder skeletons
  2 worms
  3 dart slugs
  A leopard gecko (D:3)
  7 orcs (D:3)
  3 giant cockroaches
  6 goblins
  4 hobgoblins
  17 jackals
  A quokka (D:5)
  8 bats
  5 frilled lizards
  9 kobolds
  16 rats
112 creatures vanquished.

Notes
Turn   | Place    | Note
-------+----------+-------------------------------------------
     0 | D:1      | Kniotic the Demonspawn Monk began the quest for the Orb.
     0 | D:1      | Reached XP level 1. HP: 18/18 MP: 1/1
   133 | D:1      | Reached skill level 3 in Unarmed Combat
   150 | D:1      | Gained mutation: You are partially covered in yellow
                  | scales. (AC +2) [demonic ancestry]
   150 | D:1      | Reached XP level 2. HP: 7/24 MP: 2/2
   541 | D:1      | Reached XP level 3. HP: 20/29 MP: 3/3
   691 | D:1      | Reached skill level 4 in Unarmed Combat
   962 | D:2      | Found an ornate altar of the Wu Jian Council.
  1086 | D:2      | Gained mutation: You have a pair of small antennae on your
                  | head. [demonic ancestry]
  1086 | D:2      | Reached XP level 4. HP: 15/35 MP: 4/4
  1581 | D:2      | Noticed an ogre
  1591 | D:2      | Killed an ogre
  1591 | D:2      | Reached skill level 5 in Unarmed Combat
  1591 | D:2      | Reached XP level 5. HP: 8/41 MP: 5/5
  2207 | D:3      | HP: 1/41 [goblin/+0 club (4)]
  2559 | D:3      | Reached skill level 6 in Unarmed Combat
  2784 | D:3      | Found an ancient bone altar of Kikubaaqudgha.
  3163 | D:3      | Gained mutation: Your flesh is heat resistant. (rF+)
                  | [demonic ancestry]
  3163 | D:3      | Reached XP level 6. HP: 20/47 MP: 6/6
  3490 | D:3      | Found a basalt altar of Yredelemnul.
  3491 | D:3      | Found an opulent altar of Gozag.
  3491 | D:3      | Found a hazy altar of Hepliaklqana.
  3491 | D:3      | Found a sparkling altar of Nemelex Xobeh.
  3492 | D:3      | Found a stormy altar of Qazlal.
  3496 | D:3      | Found a burning altar of Makhleb.
  3882 | D:4      | Reached skill level 7 in Unarmed Combat
  4229 | D:4      | Reached XP level 7. HP: 45/52 MP: 7/7
  4285 | D:4      | Found a transporter.
  4306 | D:4      | Found a transporter.
  4875 | D:5      | Entered Level 5 of the Dungeon
  5013 | D:5      | You fall through a shaft!
  5536 | D:5      | Found the +2 ratskin cloak {+Rats rPois rN+ Str-1 Int-1
                  | Dex+1}
  5560 | D:5      | Reached skill level 8 in Unarmed Combat
  5562 | D:5      | Slain by a hell rat

Skill      XL: |  1  2  3  4  5  6  7 |
---------------+----------------------+-----
Unarmed Combat | 3 4 5 6 7 8 |  8.0
Fighting       | |  3.0
Dodging        | |  2.6
Stealth        | |  1.7

Action                   |  1- 3 |  4- 6 |  7- 9 || total
-------------------------+-------+-------+-------++-------
Melee: Unarmed           |   144 |   253 |   108 ||   505
       Punch             |     1 |     7 |     3 ||    11
  Use: Scroll            |       |     1 |     1 ||     2
       Potion            |       |       |     2 ||     2
 Stab: Sleeping          |     4 |     5 |     5 ||    14
       Invisible         |       |       |     3 ||     3
  Eat: Chunk             |     1 |    10 |     4 ||    15
Armor: Robe              |    56 |    71 |    29 ||   156
Dodge: Dodged            |   115 |   159 |    74 ||   348
